 Dungeon Sprint DCSS version 0.30-a0-800-g7c544603b3 (webtiles) character file.

Game seed: 15983060764239965483

5970 BigDaddyOpFi the Corrupter of Planes (level 10, -4/101 HPs)
             Began as a Hill Orc Fighter on Feb 22, 2023.
             Was the Champion of Lugonu.
             Slain by an eidolon (6 damage)
             ... while petrified by a catoblepas
             ... in the Dungeon (Sprint VII: "The Pits").
             The game lasted 00:04:48 (2883 turns).

BigDaddyOpFi the Corrupter of Planes (HOFi)         Turns: 2883, Time: 00:04:49

Health: -4/101     AC: 24    Str: 24      XL:     10   Next: 84%
Magic:  23/23      EV:  2    Int:  6 (8)  God:    Lugonu [******]
Gold:   0          SH:  0    Dex:  9 (10) Spells: 9/9 levels left

rFire   . . .      SeeInvis .    q - +2 war axe (freeze)
rCold   . . .      Faith    .    c - +0 buckler
rNeg    + + +      Spirit   .    n - +3 plate armour
rPois   ∞          Reflect  .    p - +0 helmet
rElec   .          Harm     .    o - +0 cloak
rCorr   .          Rampage  .    (no gloves)
Will    .....      NoTele   +    (no boots) Stlth
                                 (no amulet)
HPRegen 0.36/turn                b - +3 ring of protection
MPRegen 0.18/turn                d - +3 ring of evasion

@: mighty, petrified, held, slowed
A: no striking features
a: Renounce Religion, Banish, Corrupt, Brand Weapon With Distortion


You were in the Dungeon.
You worshipped Lugonu.
Lugonu was exalted by your worship.
You visited 1 branch

Inventory:

Hand Weapons
 q - a +2 war axe of freezing (weapon)
Armour
 c - a +0 buckler (worn)
 n - a +3 plate armour (worn)
 o - a +0 cloak (worn)
 p - a +0 helmet (worn)
Jewellery
 b - a +3 ring of protection (left hand)
 d - a +3 ring of evasion (right hand)
Scrolls
 j - a scroll of blinking
Potions
 e - 3 potions of heal wounds
 f - a potion of might
 g - a potion of haste
 h - 4 potions of magic
 i - 2 potions of berserk rage
 k - 2 potions of invisibility
 m - 2 potions of brilliance


   Skills:
 + Level 13.0 Fighting
 + Level 13.7 Axes
 + Level 12.0 Armour
 + Level 12.1 Shields
 * Level 18.7 Invocations


You had 9 spell levels left.
You didn't know any spells.
Your spell library was empty.

Dungeon Overview and Level Annotations

Branches:
Dungeon (1/1)

Altars:
Ashenzari
Cheibriados
Dithmenos
Elyvilon
Fedhas
Gozag
Hepliaklqana
Kikubaaqudgha
Makhleb
Nemelex Xobeh
Okawaru
Qazlal
Ru
Sif Muna
Trog
Uskayaw
Vehumet
Wu Jian
Xom
Yredelemnul
Zin
The Shining One
Beogh
Jiyva
Lugonu

Annotations:
D corrupted


Message History

The eidolon stares piercingly at you.
The bolt of negative energy hits you but does no damage.
You resist. The jumping spider pounces on you.
You are caught in a web!
The jumping spider bites you but does no damage.
The jumping spider pounces on you!
* * * LOW HITPOINT WARNING * * *
The jumping spider bites you but does no damage.
The eidolon hits you.
* * * LOW HITPOINT WARNING * * *
The eidolon drains your vigour!
You feel as though you will be slow longer.
The eidolon hits you but does no damage.
The jumping spider pounces on you but does no damage.
The jumping spider bites you.
* * * LOW HITPOINT WARNING * * *
The eidolon hits you!
* * * LOW HITPOINT WARNING * * *
The eidolon hits you.
The catoblepas breathes in.
The catoblepas breathes a plume of calcifying dust at you.
The blast of calcifying dust hits the eidolon.
The blast of calcifying dust hits you. The jumping spider pounces on you.
* * * LOW HITPOINT WARNING * * *
The jumping spider bites you.
* * * LOW HITPOINT WARNING * * *
You are engulfed in calcifying dust.
The jumping spider leaps!
The eidolon hits you!
* * * LOW HITPOINT WARNING * * *
The eidolon drains your vigour!
You feel as though you will be slow longer.
The eidolon hits you but does no damage.
You are engulfed in calcifying dust.
The eidolon hits you!
* * * LOW HITPOINT WARNING * * *
The eidolon drains your vigour!
You feel as though you will be slow longer.
The eidolon hits you but does no damage.
You are engulfed in calcifying dust.
The eidolon hits you but does no damage. x2
You are engulfed in calcifying dust.
The eidolon hits you!
You die...

'############
#########
.....+..'...###
.......
.....+..'.÷...##......
....##..##.....##§...#
..###....###....#.§..#
.##........###s###..#
'#)..#..#...#....#..#
.)).........+....Wy.+
'#)..#..#...#..§@#Y.#
.##........###.###..#
..###....###.... ....#
....##..##.....# ....#
.....'..[.....##......
##...'..)...###
....... ############
#########


You could see an eidolon, a hornet and a jumping spider.

Vanquished Creatures
  A boulder beetle (D)
  A deep troll (D)
  A manticore (D)
  2 black mambas (D)
  An unseen horror (D)
  An efreet (D)
  A rime drake (D)
  A wyvern (D)
  A fire bat (D)
  Menkaure (D)
  An acid dragon (D)
  Pargi (D)
  A black bear (D)
  A sky beast (D)
  A wolf (D)
  A centaur (D)
  3 kobold brigands (D)
  A gnoll sergeant (D)
  A scorpion (D)
  A crimson imp (D)
  A quasit (D)
  A hound (D)
  A hell rat (D)
  2 adders (D)
  4 gnolls (D)
  2 white imps (D)
  An ufetubus (D)
  A worm (D)
  An orc (D)
  2 giant cockroaches (D)
  2 hobgoblins (D)
  A quokka (D)
  A goblin (D)
43 creatures vanquished.

Vanquished Creatures (others)
  A death yak (D)
  3 elephants (D)
  A gnoll bouda (D)
  5 gnolls (D)
10 creatures vanquished.

Grand Total: 53 creatures vanquished

Notes
Turn   | Place    | Note
-------+----------+-------------------------------------------
     0 | D        | BigDaddyOpFi the Hill Orc Fighter began the quest for the
                  | Orb.
     0 | D        | Reached XP level 1. HP: 19/19 MP: 1/1
    18 | D        | Found a bloodstained altar of Trog.
    18 | D        | Found a shimmering blue altar of Sif Muna.
    18 | D        | Found a viscous altar of Jiyva.
    18 | D        | Found a hazy altar of Hepliaklqana.
    18 | D        | Found an opulent altar of Gozag.
    19 | D        | Found a glowing golden altar of the Shining One.
    19 | D        | Found a glowing silver altar of Zin.
    19 | D        | Found a basalt altar of Yredelemnul.
    19 | D        | Found a shimmering altar of Xom.
    19 | D        | Found an ornate altar of the Wu Jian Council.
    19 | D        | Found a sacrificial altar of Ru.
    19 | D        | Found a stormy altar of Qazlal.
    19 | D        | Found an iron altar of Okawaru.
    19 | D        | Found a sparkling altar of Nemelex Xobeh.
    19 | D        | Found a burning altar of Makhleb.
    19 | D        | Found a blossoming altar of Fedhas.
    19 | D        | Found a white marble altar of Elyvilon.
    19 | D        | Found a shadowy altar of Dithmenos.
    19 | D        | Found a snail-covered altar of Cheibriados.
    20 | D        | Found a radiant altar of Vehumet.
    20 | D        | Found a corrupted altar of Lugonu.
    20 | D        | Found a roughly hewn altar of Beogh.
    21 | D        | Found an ancient bone altar of Kikubaaqudgha.
    21 | D        | Found a hide-covered altar of Uskayaw.
    21 | D        | Found a broken altar of Ashenzari.
    34 | D        | Became a worshipper of Lugonu the Unformed
    66 | D        | Reached skill level 2 in Invocations
    66 | D        | Reached XP level 2. HP: 24/27 MP: 1/3
   198 | D        | Reached * piety under Lugonu
   298 | D        | Noticed a scorpion
   300 | D        | Reached skill level 3 in Invocations
   303 | D        | Killed a scorpion
   304 | D        | Reached skill level 5 in Fighting
   304 | D        | Reached skill level 5 in Axes
   304 | D        | Reached skill level 5 in Invocations
   304 | D        | Reached XP level 3. HP: 36/36 MP: 5/7
   304 | D        | Reached XP level 4. HP: 42/42 MP: 5/8
   484 | D        | Reached ** piety under Lugonu
   485 | D        | Reached skill level 5 in Armour
   485 | D        | Reached skill level 5 in Shields
   488 | D        | Reached skill level 6 in Invocations
   637 | D        | Noticed a centaur
   638 | D        | Noticed a fire bat
   639 | D        | Noticed a kobold brigand
   646 | D        | Reached *** piety under Lugonu
   647 | D        | Reached XP level 5. HP: 42/50 MP: 8/10
   657 | D        | Killed a centaur
   658 | D        | Reached skill level 8 in Invocations
   664 | D        | Killed a kobold brigand
   664 | D        | Reached **** piety under Lugonu
   665 | D        | Reached skill level 9 in Invocations
   665 | D        | Reached XP level 6. HP: 49/60 MP: 10/13
   680 | D        | Killed a fire bat
   681 | D        | Reached skill level 10 in Invocations
   681 | D        | Reached XP level 7. HP: 35/67 MP: 12/15
   889 | D        | Reached skill level 11 in Invocations
   891 | D        | Noticed a manticore
   908 | D        | Killed a manticore
   909 | D        | Reached skill level 12 in Invocations
   909 | D        | Reached XP level 8. HP: 36/78 MP: 15/17
  1235 | D        | Noticed Pargi
  1235 | D        | Noticed Menkaure
  1239 | D        | Killed Menkaure
  1239 | D        | Reached ***** piety under Lugonu
  1243 | D        | Killed Pargi
  1244 | D        | Reached skill level 13 in Invocations
  1337 | D        | Noticed an elephant
  1337 | D        | Noticed an elephant
  1337 | D        | Noticed an elephant
  1337 | D        | Noticed a death yak
  1338 | D        | Corrupted D
  1338 | D        | Noticed a demonic crawler
  1338 | D        | Noticed a starcursed mass
  1338 | D        | Noticed a starcursed mass
  1339 | D        | Noticed a large abomination
  1340 | D        | Noticed a worldbinder
  1341 | D        | Noticed a mana viper
  1341 | D        | Noticed a naga warrior
  1341 | D        | Noticed a naga warrior
  1341 | D        | Noticed a great orb of eyes
  1344 | D        | Killed an elephant
  1347 | D        | Killed an elephant
  1349 | D        | Killed an elephant
  1350 | D        | Reached skill level 10 in Axes
  1351 | D        | Noticed a black mamba
  1351 | D        | Killed a death yak
  1359 | D        | Noticed a tentacled starspawn
  1359 | D        | Noticed a starcursed mass
  1359 | D        | Noticed a worldbinder
  1360 | D        | Noticed a balrug
  1371 | D        | Noticed a large abomination
  1748 | D        | Noticed a black mamba
  1753 | D        | Reached skill level 10 in Fighting
  1754 | D        | Killed a black mamba
  1755 | D        | Reached skill level 14 in Invocations
  1755 | D        | Reached XP level 9. HP: 71/86 MP: 19/19
  1964 | D        | Noticed a demonic crawler
  1965 | D        | Noticed an efreet
  1974 | D        | Banished a demonic crawler
  1975 | D        | Reached skill level 10 in Shields
  1975 | D        | Reached skill level 15 in Invocations
  1979 | D        | Reached skill level 10 in Armour
  1985 | D        | Killed an efreet
  1992 | D        | Reached skill level 16 in Invocations
  2215 | D        | Reached ****** piety under Lugonu
  2229 | D        | Killed an unseen horror
  2286 | D        | Noticed a deep troll
  2286 | D        | Noticed a boulder beetle
  2296 | D        | Noticed a rime drake
  2298 | D        | Killed a boulder beetle
  2299 | D        | Reached XP level 10. HP: 67/97 MP: 18/22
  2304 | D        | Reached skill level 17 in Invocations
  2308 | D        | Killed a deep troll
  2601 | D        | Noticed a vampire knight
  2602 | D        | Banished a vampire knight
  2603 | D        | Reached skill level 18 in Invocations
  2841 | D        | Noticed an elephant
  2841 | D        | Noticed a catoblepas
  2841 | D        | Noticed an eidolon
  2841 | D        | Noticed a black mamba
  2843 | D        | Banished an elephant
  2848 | D        | Killed a black mamba
  2880 | D        | HP: 5/101 [eidolon (3)]
  2881 | D        | HP: 1/101 [eidolon (4)]
  2883 | D        | Slain by an eidolon

Illustrated notes

Levels and vault maps discovered:
D:        pitsprint [storerooms_1, entrance_room_1, metal_vault_4, armoury_1,
          mini_pit_1, grid_room_1, main_hall_1, silver_pit, the_coven_1,
          the_vestibule_1, steel_vault_5, golden_pit, hallway_of_sentries,
          crystal_vault_1, iron_vault_5, final_vault]

Skill      XL: |  1  2  3  4  5  6  7  8  9 10 |
---------------+-------------------------------+-----
Axes           | 3 5 7 8 9 10 12 13 | 13.7
Fighting       | 4 5 7 9 10 11 13 | 13.0
Invocations    | 2 5 6 9 10 12 14 16 18 | 18.7
Armour         | 4 5 6 7 8 9 10 12 | 12.0
Shields        | 4 5 6 7 8 9 11 12 | 12.1

Action                     |  1- 3 |  4- 6 |  7- 9 | 10-12 || total
---------------------------+-------+-------+-------+-------++-------
  Melee: War axe           |    17 |    38 |    93 |    33 ||   181
 Invoke: Corrupt           |       |       |     1 |       ||     1
         Banish            |       |       |     3 |     3 ||     6
    Use: Potion            |       |     1 |    14 |     3 ||    18
   Stab: Paralysed         |       |       |     1 |       ||     1
 Armour: Scale mail        |     6 |     4 |       |       ||    10
         Chain mail        |       |    38 |    50 |       ||    88
         Plate armour      |       |       |    55 |    62 ||   117
  Dodge: Dodged            |     5 |    25 |    86 |    30 ||   146
  Block: Buckler           |     3 |    16 |    66 |    16 ||   101

Table legend: (Time is in decaauts)
 A = Elapsed time spent in this place.
 B = Non-inter-level travel time spent in this place.
 C = Inter-level travel time spent in this place.
 D = Time resting spent in this place.
 E = Time spent auto-exploring this place.
 F = Levels seen in this place.
 G = Mean time per level.
                   A        B        C        D        E       F      G
               +--------+--------+--------+--------+--------+-----+--------+
         Total |   2915 |   2854 |     61 |   2256 |      0 |   1 | 2915.0 |
       Dungeon |   2915 |   2854 |     61 |   2256 |      0 |   1 | 2915.0 |
               +--------+--------+--------+--------+--------+-----+--------+

Top non-repeatable levels by time:
       D: 2915 daAuts
